 Dungeon Crawl Stone Soup version 0.18.1-5-g4a78601 (webtiles) character file.

590 dorian the Agent of Entropy (level 7, -2/52 HPs)
             Began as a Demonspawn Abyssal Knight on May 10, 2016.
             Was a Priest of Lugonu.
             Slain by an ice beast (7 damage)
             ... on level 5 of the Dungeon.
             The game lasted 00:08:13 (5040 turns).

dorian the Agent of Entropy (DsAK)                  Turns: 5040, Time: 00:08:14

Health: -2/52      AC: 13    Str: 14    XL:     7   Next: 15%
Magic:  12/12      EV: 10    Int: 14    God:    Lugonu [***...]
Gold:   191        SH:  0    Dex: 12    Spells: 0 memorised, 6 levels left

rFire  + . .     SeeInvis .     u - +2 mace (protect)
rCold  + . .     Gourm    .     j - +3 leather armour {rPois}
rNeg   . . .     Faith    .     (no shield)
rPois  +         Spirit   .     (no helmet)
rElec  .         Dismiss  .     (no cloak)
rCorr  +         Reflect  .     p - +0 pair of gloves
SustAt .         Harm     .     x - +0 pair of boots
MR     .....                    (no amulet)
Stlth  +.........               o - ring of protection from fire
                                g - ring of resist corrosion

@: drained, not resistant to hostile enchantments, very unstealthy
A: claws 1, cold resistance 1, foul stench 1, rot immunity
a: Depart the Abyss, Bend Space, Banish, Renounce Religion


You were on level 5 of the Dungeon.
You worshipped Lugonu.
Lugonu was most pleased with you.
You were not hungry.

You visited 1 branch of the dungeon, and saw 5 of its levels.
You visited the Abyss 1 time.

You collected 191 gold pieces.

Inventory:

Hand Weapons
 a - a +1 mace
 u - a +2 mace of protection (weapon)
Missiles
 s - 2 tomahawks (quivered)
Armour
 b - a +0 leather armour
 h - a +0 leather armour
 j - a +3 leather armour of poison resistance (worn)
 p - a +0 pair of gloves (worn)
 x - a +0 pair of boots (worn)
 y - a +0 chain mail
Jewellery
 g - a ring of resist corrosion (left hand)
 o - a ring of protection from fire (right hand)
 F - an uncursed amulet of harm
Wands
 w - a wand of random effects (19/48)
Scrolls
 f - 3 scrolls of identify
 i - 2 scrolls of immolation
 m - a scroll of recharging
 A - a scroll of teleportation {unknown}
 C - a scroll of blinking
Potions
 d - a potion of haste
 e - a potion of agility {unknown}
 n - a potion of lignification {unknown}
 q - 2 potions of curing {unknown}
 r - a potion of might {unknown}
 v - 2 potions of ambrosia {unknown}
 z - a potion of heal wounds {unknown}
 B - a potion of degeneration {unknown}
Comestibles
 c - 4 bread rations
 k - 4 meat rations
 l - a beef jerky
 t - a slice of pizza
 D - 2 royal jellies
 E - 6 fruits


   Skills:
 - Level 3.0(2.0) Fighting
 + Level 5.3(4.3) Maces & Flails
 - Level 1.7(0.8) Armour
 - Level 0.8(0.0) Dodging
 + Level 7.3(6.2) Invocations


You had 6 spell levels left.
You didn't know any spells.

Dungeon Overview and Level Annotations

Branches:
Dungeon (5/15)
 Temple: D:4-7

Altars:
Fedhas
Okawaru
The Shining One

Annotations:
Abyss:1 Dowan, Duvessa


Innate Abilities, Weirdness & Mutations

You have sharp fingernails.
Your flesh is cold resistant.
You may emit foul miasma when damaged in melee.
You are immune to rotting.


Message History

The adder skeleton bites you but does no damage.
You are too injured to fight recklessly!
You are too injured to fight recklessly!
You are too injured to fight recklessly!
You hit the ice beast but do no damage.
The ice beast is almost dead.
The adder skeleton barely misses you. The ice beast hits you.
* * * LOW HITPOINT WARNING * * *
The ice beast freezes you. You resist.
* * * LOW HITPOINT WARNING * * *
The adder skeleton bites you but does no damage.
The ice beast misses you.
You closely miss the ice beast.
The ice beast is almost dead.
The adder skeleton bites you.
* * * LOW HITPOINT WARNING * * *
The ice beast hits you.
* * * LOW HITPOINT WARNING * * *
The ice beast freezes you! You resist.
You die...

#....<.....#
#.###.....##
#......####
####...##
#....#
#...## #..##
#..# #.@#
#ZY.....#
##.####..>
#.. #.. #..#
#... #...


You could see an ice beast and an adder skeleton.

Vanquished Creatures
  A black bear (D:4)
  A howler monkey (D:4)
  A crimson imp (D:5)
  2 hounds (D:3)
  An orc wizard (D:4)
  An orc priest (D:4)
  3 gnolls (D:3)
  5 adders
  2 oozes
  4 worms
  2 dart slugs (D:1)
  3 giant geckos
  7 orcs
  6 giant cockroaches
  7 goblins
  12 hobgoblins
  5 jackals
  9 kobolds
  8 quokkas
  3 ball pythons
  A ball python skeleton (D:4)
  3 bats (D:1)
  7 giant newts
  A quokka skeleton (D:4)
  8 rats
103 creatures vanquished.

Vanquished Creatures (others)
  A worker ant (D:4)
  A gnoll (D:3)
  A giant cockroach (D:3)
3 creatures vanquished.

Grand Total: 106 creatures vanquished

Notes
Turn   | Place    | Note
--------------------------------------------------------------
     0 | Abyss:1  | dorian the Demonspawn Abyssal Knight began the quest for the Orb.
     0 | Abyss:1  | Reached XP level 1. HP: 18/18 MP: 2/2
    13 | Abyss:1  | Found a corrupted altar of Lugonu.
    26 | Abyss:1  | Noticed a small abomination
    34 | D:1      | Escaped the Abyss
    52 | D:1      | Reached * piety under Lugonu
   181 | D:1      | Gained mutation: You have sharp fingernails. [demonic ancestry]
   181 | D:1      | Reached XP level 2. HP: 22/24 MP: 4/4
   191 | D:1      | Reached skill level 3 in Invocations
   677 | D:1      | Reached XP level 3. HP: 16/29 MP: 5/5
  1176 | D:2      | Reached ** piety under Lugonu
  1188 | D:2      | Reached skill level 4 in Invocations
  1636 | D:2      | Gained mutation: You are immune to rotting. [demonic ancestry]
  1636 | D:2      | Reached XP level 4. HP: 30/35 MP: 7/7
  2375 | D:3      | Reached skill level 5 in Invocations
  2375 | D:3      | Gained mutation: You may emit foul miasma when damaged in melee. [demonic ancestry]
  2375 | D:3      | Reached XP level 5. HP: 18/41 MP: 8/8
  2555 | D:2      | Reached *** piety under Lugonu
  3489 | D:4      | Noticed Duvessa
  3491 | D:4      | Banished Duvessa
  3493 | D:4      | Noticed Dowan
  3493 | D:4      | Banished Dowan
  3493 | D:4      | Reached skill level 6 in Invocations
  3493 | D:4      | Reached XP level 6. HP: 37/47 MP: 5/10
  3505 | D:4      | Found an iron altar of Okawaru.
  4422 | D:4      | Found a glowing golden altar of the Shining One.
  4613 | D:4      | Reached skill level 5 in Maces & Flails
  4613 | D:4      | Reached skill level 7 in Invocations
  4613 | D:4      | Gained mutation: Your flesh is cold resistant. [demonic ancestry]
  4613 | D:4      | Reached XP level 7. HP: 40/52 MP: 12/12
  4795 | D:4      | Found a blossoming altar of Fedhas.
  4972 | D:5      | Entered Level 5 of the Dungeon
  5040 | D:5      | Slain by an ice beast

Skill      XL: |  1  2  3  4  5  6 |
---------------+-------------------+-----
Maces & Flails | 2 3 4 5 |  5.3
Invocations    | 3 4 5 6 7 |  7.3
Fighting       | |  3.0
Armour         | |  1.7
Dodging        | |  0.8

Action                   |  1- 3 |  4- 6 |  7- 9 || total
-------------------------+-------+-------+-------++-------
Melee: Mace              |   151 |   244 |    60 ||   455
Invok: Depart the Abyss  |     1 |       |       ||     1
       Bend Space        |       |     2 |       ||     2
       Banish            |       |     5 |       ||     5
  Use: Scroll            |       |     6 |       ||     6
       Potion            |       |     1 |       ||     1
  Eat: Chunk             |     3 |     9 |     2 ||    14
       Royal jelly       |       |     1 |       ||     1
Armor: Leather armour    |    45 |    95 |    43 ||   183
Dodge: Dodged            |    99 |   175 |    50 ||   324
